AoeStats
← devilsdealslol

Arena

507141865Analyzed
2v2 RM · 15d ago on Sep 16, 2026· 49m 19s· 4 players
Game mode
Random Map
Map size
Medium (4 player)
Population
200
Speed
Normal
Resources
Standard
Victory
Conquest
Starting age
Dark Age
Ending age
Imperial Age
RankedLock teamsTeams togetherTeam positionsShared explorationLock speedFull tech treeHidden civsTurbo modeCheats
Victory
Defeat
🇺🇸 Bohemians · United States
822
+9
🇺🇸 Shu · United States
756
+12
🇺🇸 Chinese · United States
666
-11
🇵🇱 Poles · Poland
641
-10
Mlodov
0:43 Loom
11:23 Feudal Age
13:24 Wheelbarrow
13:00 Double-Bit Axe
13:16 Horse Collar
22:24 Castle Age
23:15 Heavy Plow
24:54 Bloodlines
25:03 Scale Barding Armor
25:09 Forging
26:44 Szlachta Privileges
29:13 Pikeman
38:53 Imperial Age
36:11 Town Watch
37:37 Hand Cart
38:42 Fervor
41:54 Iron Casting
41:40 Chain Barding Armor
42:34 Husbandry
41:58 Cavalier
43:46 Ballistics
44:30 Chemistry
45:06 Fletching
46:17 Blast Furnace
47:00 Crop Rotation
devilsdealslol
6:08 Loom
11:55 Feudal Age
16:29 Wheelbarrow
17:55 Castle Age
16:16 Double-Bit Axe
16:19 Horse Collar
24:41 Heavy Plow
31:53 Thumb Ring
31:09 Crossbowman
32:26 Town Watch
33:00 Hand Cart
33:10 Caravan
35:59 Imperial Age
34:51 Fletching
35:28 Ballistics
34:52 Elite Skirmisher
38:31 Arbalester
39:41 Bodkin Arrow
39:46 Padded Archer Armor
42:23 Bracer
42:39 Leather Archer Armor
45:04 Ring Archer Armor
THE FA1L WHALE
8:35 Loom
11:43 Feudal Age
12:09 Double-Bit Axe
12:06 Horse Collar
13:42 Wheelbarrow
15:18 Scale Barding Armor
15:25 Forging
17:22 Gold Mining
18:53 Padded Archer Armor
18:44 Fletching
22:52 Castle Age
23:07 Scale Mail Armor
23:29 Bodkin Arrow
23:52 Leather Archer Armor
23:45 Thumb Ring
24:03 Crossbowman
28:58 Ballistics
29:08 Hand Cart
29:37 Bow Saw
34:05 Imperial Age
33:04 Stone Mining
33:50 Gold Shaft Mining
34:07 Heavy Plow
37:53 Two-Man Saw
36:57 Bracer
37:28 Ring Archer Armor
38:16 Arbalester
41:56 Conscription
41:38 Coiled Serpent Array
45:56 Bolt Magazine
46:32 Hoardings
46:45 Caravan
49:59 Chemistry
48:47 Arrowslits
SimonSnipes
0:55 Loom
10:39 Feudal Age
11:05 Double-Bit Axe
11:01 Horse Collar
13:48 Wheelbarrow
20:06 Castle Age
18:34 Forging
18:26 Scale Mail Armor
19:13 Fletching
19:23 Padded Archer Armor
20:18 Arson
21:39 Hand Cart
23:47 Bow Saw
24:59 Heavy Plow
25:20 Fervor
25:31 Sanctity
25:17 Bodkin Arrow
25:37 Leather Archer Armor
25:46 Town Watch
26:52 Ballistics
29:07 Chemistry
28:44 Town Patrol
29:39 Fortified Wall
32:45 Imperial Age
31:46 Squires
32:40 Iron Casting
32:01 Pikeman
34:42 Blast Furnace
35:42 Murder Holes
36:30 Conscription
37:09 Wagenburg Tactics
38:53 Chain Mail Armor
43:33 Arrowslits
43:54 Siege Engineers
44:03 Houfnice
44:05 Halberdier
45:44 Masonry
45:15 Treadmill Crane
45:01 Elite Skirmisher
Connection lost

Rejoining the realm…

Still unreachable

The connection could not be restored.

Session expired

The server has moved on; the page needs a fresh start.